 Seeded DCSS version 0.30-a0-930-gb9d0489357 (webtiles) character file.

Game seed: 3125986916090331667 (custom seed)

4 Parcival the Trooper (level 1, 18/18 HPs)
             Began as a Human Fighter on Mar 23, 2023.
             Quit the game on level 1 of the Dungeon.
             The game lasted 00:00:50 (82 turns).

Parcival the Trooper (Human Fighter)                  Turns: 82, Time: 00:00:50

Health: 18/18      AC:  8    Str: 16    XL:     1   Next: 66%
Magic:  1/1        EV: 13    Int:  8    God:
Gold:   0          SH:  4    Dex: 12    Spells: 0/0 levels left

rFire   . . .      SeeInvis .    a - +0 flail
rCold   . . .      Faith    .    c - +0 buckler
rNeg    . . .      Spirit   .    b - +0 scale mail
rPois   .          Reflect  .    (no helmet)
rElec   .          Rampage  .    (no cloak)
rCorr   .                        (no gloves)
Will    .....                    e - +2 pair of slick slippers {slick, slippery, EV+5} Stlth
                                 (no amulet)
HPRegen 0.23/turn                (no ring)
MPRegen 0.07/turn                (no ring)

@: no status effects
A: no striking features
a: no special abilities


You were on level 1 of the Dungeon.
You visited 1 branch of the dungeon, and saw 1 of its levels.

Inventory:

Hand Weapons
 a - a +0 flail (weapon)
Armour
 b - a +0 scale mail (worn)
 c - a +0 buckler (worn)
 e - the +2 pair of slick slippers (worn) {slick, slippery, EV+5}
   (You acquired it on level 1 of the Dungeon)

   Slick:     Its wearer cannot be constricted, engulfed, netted or webbed.
   Slippery:  It slips away from damaging melee attacks, pulling the attacker
   onward.
   EV:        It affects your evasion (+5).
Scrolls
 f - a scroll of brand weapon {unknown}
Potions
 d - a potion of might


   Skills:
 + Level 3.1 Fighting
 + Level 2.0 Maces & Flails
 + Level 3.0 Armour
 + Level 3.0 Shields


You couldn't memorise any spells.
You didn't know any spells.
Your spell library was empty.

Dungeon Overview and Level Annotations

Branches:
Dungeon (1/15)

Altars:


Message History

The ball python is severely wounded.
The ball python barely misses you. The goblin hits you but does no damage.
The ball python barely misses you.
You barely miss the ball python.
The ball python is severely wounded.
The ball python misses you. The goblin completely misses you.
The ball python misses you.
You sock the ball python!
You kill the ball python!
The goblin hits you but does no damage. The goblin hits you with a +0 dagger.
You closely miss the goblin. You block the goblin's attack.
You closely miss the goblin. The goblin barely misses you.
You closely miss the goblin. The goblin misses you.
You block the goblin's attack.
You hit the goblin.
You kill the goblin!
You thump the endoplasm!
You kill the endoplasm!
You see here a +0 dagger.
Things that are here:
a +0 club; a goblin corpse
Okay, then.
Okay, then.
There's nothing to open nearby.
HP restored.
Found a short sword.
f - a scroll labelled WET RICICU A bat comes into view.
A bat is nearby!
A bat is nearby!
A bat is nearby!
A bat is nearby!
The bat misses you. You block the bat's attack.
A bat is nearby!
A bat is nearby!
A bat is nearby!
A bat is nearby!
You block the bat's attack.
A bat is nearby!
Are you sure you want to abandon this character and quit the game? (Confirm with "yes".)

.. . ##. #..
##.# ..# # #.# .
#.##.###@#####..
...............
###.###b....#..
#......?.....
####.###+###.
##.##~~.b~##
#.##~..P..~#
.#.######
#.#~.P.8.P.~
........#
##.#~...♣b..~


You could see a bat.

Vanquished Creatures
  An endoplasm (D:1)
  2 goblins (D:1)
  A ball python (D:1)
4 creatures vanquished.

Notes
Turn   | Place    | Note
-------+----------+-------------------------------------------
     0 | D:1      | Parcival the Human Fighter began the quest for the Orb.
     0 | D:1      | Reached XP level 1. HP: 18/18 MP: 1/1
    20 | D:1      | Identified a scroll of acquirement
    20 | D:1      | Acquired the +2 pair of slick slippers {slick, slippery,
                  | EV+5}
    20 | D:1      | Found the +2 pair of slick slippers {slick, slippery, EV+5}
    82 | D:1      | Quit the game

Illustrated notes

Levels and vault maps discovered:
D:1:      amcnicky_arrival_single_pillar, layout_loops_cross,
          hangedman_glass_garden

Action                     || total
---------------------------++-------
  Melee: Flail             ||    11
    Use: Scroll            ||     1
 Armour: Scale mail        ||    16
  Dodge: Dodged            ||    19
  Block: Buckler           ||     8

Table legend: (Time is in decaauts)
 A = Elapsed time spent in this place.
 B = Non-inter-level travel time spent in this place.
 C = Inter-level travel time spent in this place.
 D = Time resting spent in this place.
 E = Time spent auto-exploring this place.
 F = Levels seen in this place.
 G = Mean time per level.
                   A        B        C        D        E       F      G
               +--------+--------+--------+--------+--------+-----+--------+
         Total |     85 |     85 |      0 |      0 |     37 |   1 |   85.0 |
       Dungeon |     85 |     85 |      0 |      0 |     37 |   1 |   85.0 |
               +--------+--------+--------+--------+--------+-----+--------+

Top non-repeatable levels by time:
     D:1: 85 daAuts
